 Dungeon Crawl Stone Soup version 0.25-a0-1079-g858b6a6ff6 (webtiles) character file.

Game seed: 13152711558489427434, levelgen mode: classic

641 Amnesiac the Ducker (level 7, 0/43 HPs)
             Began as a Deep Elf Fighter on May 15, 2020.
             Slain by Blork the orc
             ... wielding a +0 battleaxe
              (4 damage)
             ... on level 4 of the Dungeon.
             The game lasted 00:10:06 (5389 turns).

Amnesiac the Ducker (Deep Elf Fighter)              Turns: 5389, Time: 00:10:06

Health: 0/43       AC: 11    Str: 15    XL:     7   Next: 26%
Magic:  20/20      EV:  6    Int: 13    God:
Gold:   187        SH:  8    Dex: 14    Spells: 6/6 levels left

rFire    . . .     SeeInvis .   a - +1 dagger (venom)
rCold    . . .     Gourm    .   c - +0 kite shield
rNeg     . . .     Faith    .   z - +0 chain mail
rPois    .         Spirit   .   p - +0 helmet (curse)
rElec    .         Reflect  .   q - +0 cloak
rCorr    .         Harm     .   (no gloves)
MR       .....                  (no boots)
Stlth    ..........             (no amulet)
HPRegen  0.14/turn              s - ring of magical power
MPRegen  0.17/turn              (no ring)

@: no status effects
A: no striking features
a: no special abilities


You were on level 4 of the Dungeon.
You were hungry.

You visited 1 branch of the dungeon, and saw 5 of its levels.

You collected 187 gold pieces.

Inventory:

Hand Weapons
 a - a +1 dagger of venom (weapon)
 b - a +0 flail of protection
 r - a +0 hunting sling
 v - a +2 quarterstaff of chaos
Missiles
 k - 59 arrows
 l - a boomerang (quivered)
 o - 129 stones
 w - 25 sling bullets
Armour
 c - a +0 kite shield (worn)
 p - a cursed +0 helmet (worn)
 q - a +0 cloak (worn)
 z - a +0 chain mail (worn)
Jewellery
 s - a ring of magical power (left hand)
 C - an uncursed ring of stealth {unknown}
Wands
 j - a wand of polymorph (2)
 u - a wand of flame (15)
Scrolls
 g - a scroll of blinking {!r}
 h - 2 scrolls of teleportation {!r}
 t - a scroll of enchant weapon {!r}
 y - a scroll of fear {!r}
 A - a scroll of immolation {!r}
 B - 2 scrolls of identify {!r}
Potions
 d - 3 potions of might {!q}
 e - 4 potions of flight {!q}
 i - a potion of cancellation {!q}
 n - a potion of heal wounds {!q}
 x - a potion of curing {!q, unknown}
Comestibles
 f - 7 rations
 m - 4 chunks of flesh


   Skills:
 - Level 4.1 Fighting
   Level 2.0 Axes
 - Level 4.2 Armour
 - Level 4.6 Dodging
 - Level 2.4 Shields
 + Level 2.9 Evocations


You had 6 spell levels left.
You didn't know any spells.
Your spell library was empty.

Dungeon Overview and Level Annotations

Branches:
Dungeon (5/15)
 Temple: D:4-7

Altars:
Ashenzari
Cheibriados
Dithmenos
Elyvilon
Fedhas
Kikubaaqudgha
Ru
Vehumet
Wu Jian

Annotations:
D:4 Blork the orc
D:5 Pikel


Message History

Where to? (Enter - D:4 @ (x,y), ? - help)
What level of the Dungeon? (default 1, ? - help)
There is an open door here.
There is a stone staircase leading down here.
You climb downwards.
Level annotation: Blork the orc, Pikel The slave barely misses you.
The hound skeleton closely misses you.
Blork the orc hits you but does no damage.
There is a stone staircase leading up, spattered with blood here.
The slave hits you but does no damage.
Pikel smiles. "I know this place well.
And it is filled with the corpses of daring fools like you!
Won't you join me?"
You climb upwards.
There is a stone staircase leading down here.
You block Blork the orc's attack. The slave hits you.
You block the slave's attack.
Blork the orc mumbles some strange words.
Blork the orc seems to speed up.
You are feeling hungry.
You hit the slave.
The slave is poisoned.
The slave is lightly wounded.
Blork the orc gestures wildly while chanting.
Blork the orc flickers and vanishes!
Deactivating autopickup; reactivate with Ctrl-A.
You block the slave's attack.
You hit the slave but do no damage.
The slave looks as sick as possible!
The slave is lightly wounded.
The slave hits you.
Your shield and chain mail prevent you from hitting the slave.
The slave is moderately wounded.
The slave hits you but does no damage.
You barely miss the slave.
The slave is moderately wounded.
The slave hits you but does no damage.
You closely miss the slave.
The slave is heavily wounded.
The slave hits you but does no damage. You block the slave's attack.
You hit the slave.
The slave looks as sick as possible!
The slave is heavily wounded.
The slave hits you but does no damage.
You hit the slave.
The slave looks as sick as possible!
The slave is severely wounded.
The slave hits you but does no damage.
You hit the slave but do no damage.
The slave looks as sick as possible!
The slave is almost dead.
You block the slave's attack.
You hit the slave.
The slave looks as sick as possible!
The slave is almost dead.
You kill the slave!
That felt strangely unrewarding.
You closely miss something. Something hits you!
Something hits you but does no damage.
You miss something. Something hits you.
You closely miss something. Something hits you but does no damage.
You hit something but do no damage. Something hits you!
* * * LOW HITPOINT WARNING * * *
You closely miss something. Something completely misses you.
Something hits you.
* * * LOW HITPOINT WARNING * * *
You hit something. Something hits you.
* * * LOW HITPOINT WARNING * * *
You miss something. Something hits you!
* * * LOW HITPOINT WARNING * * *
You closely miss something. You block something's attack. Something hits you.
You die...

#...................# #..
#.........####.####.# #..
#.....##..##..)..##.## #..
#...[.###.#.......#..# #..
#.....#>..#.......#..# #..
#.....#......._......###..
#.....##..#.......#.......
#.....###{#.......#.....#'
#####'###@##.....##.....#.
#......##.####.####.....#.
#......##...............#.
#.......................#.
#.......................#.
#...............####....#.
#...............#..#....#.
#......#######'##..#....#.
#......#....#......#....'.


There were no monsters in sight!

Vanquished Creatures
  A phantom (D:4)
  A slave (D:4)
  An ogre (D:4)
  2 howler monkeys (D:4)
  A crimson imp (D:4)
  A jelly (D:4)
  Crazy Yiuf (D:2)
  2 orc priests (D:3)
  An orc wizard (D:4)
  Ijyb (D:5)
  Terence (D:2)
  A hound skeleton (D:4)
  Robin (D:1)
  5 adders
  4 worms
  4 leopard geckos
  6 orcs
  10 bats
  2 giant cockroaches
  10 goblins
  8 hobgoblins
  2 jackals (D:4)
  7 kobolds
  2 ball pythons
  4 frilled lizards
  A quokka skeleton (D:4)
  5 rats
85 creatures vanquished.

Notes
Turn   | Place    | Note
-------+----------+-------------------------------------------
     0 | D:1      | Amnesiac the Deep Elf Fighter began the quest for the Orb.
     0 | D:1      | Reached XP level 1. HP: 13/13 MP: 3/3
   412 | D:1      | Reached XP level 2. HP: 14/18 MP: 4/4
   853 | D:2      | Noticed Robin
   866 | D:2      | Reached skill level 1 in Dodging
  1053 | D:1      | Reached XP level 3. HP: 1/22 MP: 5/5
  1207 | D:1      | Killed Robin
  1403 | D:2      | Found a snail-covered altar of Cheibriados.
  1856 | D:2      | Reached XP level 4. HP: 28/28 MP: 6/6
  1901 | D:2      | Found a runed translucent door.
  1902 | D:2      | Noticed Crazy Yiuf
  1963 | D:2      | Noticed Terence
  1982 | D:2      | Killed Terence
  2058 | D:2      | Found an ancient bone altar of Kikubaaqudgha.
  2345 | D:2      | HP: 1/28 [Crazy Yiuf/+2 quarterstaff of chaos (2)]
  2346 | D:2      | Killed Crazy Yiuf
  2346 | D:2      | Reached XP level 5. HP: 1/32 MP: 7/7
  2937 | D:3      | Found a shattered altar of Ashenzari.
  3697 | D:4      | Reached XP level 6. HP: 32/38 MP: 8/8
  3729 | D:4      | Found a radiant altar of Vehumet.
  3912 | D:4      | Found a white marble altar of Elyvilon.
  3912 | D:4      | Found a blossoming altar of Fedhas.
  3916 | D:4      | Found a sacrificial altar of Ru.
  4083 | D:4      | Found an ornate altar of the Wu Jian Council.
  4084 | D:4      | Found a shadowy altar of Dithmenos.
  4467 | D:5      | Entered Level 5 of the Dungeon
  4474 | D:5      | Noticed a sky beast
  4619 | D:5      | Noticed Ijyb
  4671 | D:4      | Reached skill level 1 in Evocations
  4671 | D:4      | Reached XP level 7. HP: 21/43 MP: 9/9
  4846 | D:5      | Killed Ijyb
  4915 | D:5      | Noticed Blork the orc
  4915 | D:5      | Noticed Pikel
  5389 | D:4      | Slain by Blork the orc

Illustrated notes

Levels and vault maps discovered:
D:1:      minmay_arrival_shattered_statue, layout_loops_corners
D:2:      layout_basic, cheibriados_altar_1, overflow_temple_1_default,
          uniq_terence, uniq_crazy_yiuf_cottage, uniq_robin
D:3:      layout_rooms, kennysheep_cluttered_room, palyth_stone_intersect,
          cheibrodos_ashenzari_chains
D:4:      minmay_chambers_of_twos, layout_gridville, old_standard_altar,
          chequers_temple_overflow_statue_of_worship,
          gammafunk_temple_overflow_statue
D:5:      layout_basic, dancing_weapons_uskayaw, basic_altar, first_ration,
          kennysheep_generic_room_5, uniq_blork_the_orc, uniq_pikel,
          uniq_prince_ribbit1, uniq_ijyb

Skill      XL: |  1  2  3  4  5  6  7 |
---------------+----------------------+-----
Axes           | 2 |  2.0
Dodging        | 1 2 3 4 |  4.6
Fighting       | 3 4 |  4.1
Armour         | 3 4 |  4.2
Evocations     | 1 2 |  2.9
Shields        | |  2.4

Action                   |  1- 3 |  4- 6 |  7- 9 || total
-------------------------+-------+-------+-------++-------
Melee: War axe           |     8 |       |       ||     8
       Dagger            |   100 |   166 |    31 ||   297
       Flail             |       |    48 |       ||    48
       Unarmed           |       |       |     3 ||     3
Throw: Stone             |    18 |       |       ||    18
       Boomerang         |     9 |   104 |     1 ||   114
       Throwing net      |     1 |       |       ||     1
Evoke: Wand              |       |     4 |     5 ||     9
  Use: Potion            |       |     1 |       ||     1
       Scroll            |       |     7 |     1 ||     8
  Eat: Chunk             |     3 |     9 |     2 ||    14
Armor: Scale mail        |    43 |    19 |       ||    62
       Chain mail        |       |    76 |    13 ||    89
Dodge: Dodged            |    24 |    52 |     6 ||    82
Block: Kite shield       |    49 |    80 |    12 ||   141

Table legend:
 A = Non-vault XP
 B = Vault XP
 C = Vault XP percentage of total XP
 D = Non-vault monster count
 E = Vault monster count
 F = Vault count percentage of total count
                 A         B        C        D         E       F
            +---------+---------+-------+---------+---------+-------
      Total |     677 |     239 |  26.1 |      66 |      18 |  21.4
            +---------+---------+-------+---------+---------+-------
        D:1 |      20 |      20 |  50.0 |      11 |       3 |  21.4
        D:2 |      74 |      94 |  56.0 |      25 |      10 |  28.6
        D:3 |     111 |       0 |   0.0 |      15 |       0 |   0.0
        D:4 |     467 |      86 |  15.6 |      12 |       4 |  25.0
        D:5 |       5 |      39 |  88.6 |       3 |       1 |  25.0
            +---------+---------+-------+---------+---------+-------
